cohdb
Replays
Latest Replays
All Replays
Popular Replays
Top Player Replays
Match Explorer
How It Works
Community
CoH3 Stats
Reddit
Sign in to upload your games and track your stats! →
Sign in with Steam
Match 42039628
Unlisted
Match 42039628
Overview
Messages
Build Orders
End
Royal Engineer Section
Royal Engineer Section
Construct Section Command Post
Dingo Light Scout Car
Selects Canadian Shock Battlegroup
Infantry Section
Construct Platoon Command Post
Humber Armored Car
Infantry Training
Selects Offensive Resupply
Selects Incendiary Munitions
Selects Canadian Shock Section
Canadian Shock Section
Canadian Shock Section
Selects Pyrotechnics
Construct Company Command Post
Crusader II Medium Tank
Crusader II Medium Tank
Selects Demolition Engineering
Demolition Engineering
RED
Bruistablet
dwighyglenn
Predator
Flymeintothemoon
BLDRGO
0
0
Comments
sign in to comment!
No comments posted yet!